PL
LAS VEGAS FLAMINGOS @ NEW ORLEANS VOODOO
08/08/2037
 
TOP OF THE 1ST
Las Vegas Flamingos batting - Pitching for New Orleans Voodoo : RHP Gilberto Medina
Pitching: RHP Gilberto Medina
Batting: SHB Glyn Bolasky 0-0: Fly out, F8 (Line Drive, 8RD, EV 89.4 MPH)
Batting: RHB Sake van Arem 0-0: Fly out, F6 (Popup, 6, EV 74.4 MPH)
Batting: RHB Baldomero Avino 0-0: Called Strike
0-1: Swinging Strike
0-2: Strikes out swinging
Top of the 1st over - 0 runs, 0 hits, 0 errors, 0 left on base; Las Vegas 0 - New Orleans 0
BOTTOM OF THE 1ST
New Orleans Voodoo batting - Pitching for Las Vegas Flamingos : RHP Nam-shik Kwak
Pitching: RHP Nam-shik Kwak
Batting: LHB Calvin Wilms 0-0: Ball
1-0: Called Strike
1-1: Ball
2-1: Foul Ball, location: 2F
2-2: Foul Ball, location: 2F
2-2: DOUBLE (Line Drive, 3D, EV 103.8 MPH)
Batting: RHB Gilberto Juárez 0-0: Swinging Strike
0-1: Ball
1-1: Foul Ball, location: 2F
1-2: Strikes out looking
Batting: RHB Colm Goodwill 0-0: Swinging Strike
0-1: Ball
1-1: Ball
2-1: Called Strike
2-2: Foul Ball, location: 2F
2-2: Fly out, F9 (Flyball, 9S, EV 92.5 MPH)
Batting: RHB Griffin Woodfinlevine 0-0: Fly out, F7 (Line Drive, 7D, EV 98.8 MPH)
Bottom of the 1st over - 0 runs, 1 hit, 0 errors, 1 left on base; Las Vegas 0 - New Orleans 0
TOP OF THE 2ND
Las Vegas Flamingos batting - Pitching for New Orleans Voodoo : RHP Gilberto Medina
Batting: RHB Xavier Hernández 0-0: Foul Ball, location: 2F
0-1: Ball
1-1: Ball
2-1: SINGLE (Groundball, 4D, EV 101.2 MPH)
Batting: LHB Victor Adams 0-0: Ball
1-0: Ball
Passed Ball!
Xavier Hernández to second
2-0: Ball
Wild Pitch!
Xavier Hernández to third
3-0: Base on Balls
Batting: RHB Joseph Papasogli 0-0: Called Strike
0-1: Ball
1-1: Ball
2-1: Hit by Pitch
Victor Adams to second
Batting: LHB Xu Cheng 0-0: Swinging Strike
0-1: Ball
1-1: Foul Ball, location: 2F
1-2: Fielders Choice at 2nd, 4-6 (Groundball, 4, EV 98.8 MPH)
Xavier Hernández scores
Victor Adams to third
Batting: RHB Freedon Akinmoladun 0-0: Ball
1-0: Ball
2-0: Foul Ball, location: 2F
2-1: Foul Ball, location: 2F
2-2: Foul Ball, location: 2F
2-2: Strikes out looking
Batting: RHB Sun-jae Kwak 0-0: Called Strike
0-1: Ball
1-1: Ball
2-1: Fly out, F1 (Line Drive, P, EV 71.2 MPH)
Top of the 2nd over - 1 run, 1 hit, 0 errors, 2 left on base; Las Vegas 1 - New Orleans 0
BOTTOM OF THE 2ND
New Orleans Voodoo batting - Pitching for Las Vegas Flamingos : RHP Nam-shik Kwak
Batting: LHB Alexis Raimbault 0-0: Called Strike
0-1: Swinging Strike
0-2: Ball
1-2: Ball
2-2: Strikes out swinging
Batting: RHB Noah Bushby 0-0: Swinging Strike
0-1: Swinging Strike
0-2: Strikes out swinging
Batting: RHB Guy Toussaint 0-0: Ground out 4-3 (Groundball, 4S, EV 66.2 MPH)
Bottom of the 2nd over - 0 runs, 0 hits, 0 errors, 0 left on base; Las Vegas 1 - New Orleans 0
TOP OF THE 3RD
Las Vegas Flamingos batting - Pitching for New Orleans Voodoo : RHP Gilberto Medina
Batting: SHB Glyn Bolasky 0-0: Foul Ball, location: 2F
0-1: Ball
1-1: Ball
2-1: Swinging Strike
2-2: Strikes out looking
Batting: RHB Sake van Arem 0-0: Called Strike
0-1: SINGLE (Groundball, 6D, EV 101.9 MPH)
Batting: RHB Baldomero Avino 0-0: Swinging Strike
0-1: Called Strike
0-2: Ball
1-2: Strikes out swinging
Batting: RHB Xavier Hernández 0-0: Ball
1-0: Foul Ball, location: 2F
1-1: Called Strike
1-2: Fly out, F6 (Popup, 6, EV 64.4 MPH)
Top of the 3rd over - 0 runs, 1 hit, 0 errors, 1 left on base; Las Vegas 1 - New Orleans 0
BOTTOM OF THE 3RD
New Orleans Voodoo batting - Pitching for Las Vegas Flamingos : RHP Nam-shik Kwak
Batting: LHB Travis Towns 0-0: Called Strike
0-1: Ball
1-1: Ball
2-1: Swinging Strike
2-2: Strikes out looking
Batting: RHB Lawrence Stokes 0-0: SINGLE (Flyball, 89S, EV 85.6 MPH)
Batting: LHB Calvin Wilms 0-0: Called Strike
0-1: Ball
1-1: Ball
2-1: DOUBLE (Line Drive, 89D, EV 104.4 MPH)
Lawrence Stokes to third
Batting: RHB Gilberto Juárez 0-0: Ball
1-0: Called Strike
1-1: Ball
2-1: DOUBLE (Line Drive, 89D, EV 104.4 MPH)
Lawrence Stokes scores
Calvin Wilms scores
Batting: RHB Colm Goodwill 0-0: Called Strike
0-1: Ball
1-1: Ball
2-1: Ground out 5-3 (Groundball, 56, EV 80.6 MPH)
Batting: RHB Griffin Woodfinlevine 0-0: Called Strike
0-1: Ball
1-1: Called Strike
1-2: Strikes out swinging
Bottom of the 3rd over - 2 runs, 3 hits, 0 errors, 1 left on base; Las Vegas 1 - New Orleans 2
TOP OF THE 4TH
Las Vegas Flamingos batting - Pitching for New Orleans Voodoo : RHP Gilberto Medina
Batting: LHB Victor Adams 0-0: Ball
1-0: Ball
2-0: SINGLE (Groundball, 6MD, EV 98.1 MPH)
Batting: RHB Joseph Papasogli 0-0: Foul Ball, location: 2F
0-1: Ball
1-1: Ball
2-1: Foul Ball, location: 2F
2-2: Strikes out swinging
Batting: LHB Xu Cheng 0-0: Ball
1-0: Called Strike
1-1: Called Strike
1-2: Ball
2-2: Fielders Choice at 2nd, 3-6 (Groundball, 3, EV 86.9 MPH)
Batting: RHB Freedon Akinmoladun 0-0: Called Strike
0-1: Fly out, F8 (Line Drive, 8RM, EV 86.9 MPH)
Top of the 4th over - 0 runs, 1 hit, 0 errors, 1 left on base; Las Vegas 1 - New Orleans 2
BOTTOM OF THE 4TH
New Orleans Voodoo batting - Pitching for Las Vegas Flamingos : RHP Nam-shik Kwak
Batting: LHB Alexis Raimbault 0-0: Called Strike
0-1: Ball
1-1: Ground out 4-3 (Groundball, 4, EV 86.9 MPH)
Batting: RHB Noah Bushby 0-0: Ball
1-0: Called Strike
1-1: Ball
2-1: SINGLE (Line Drive, 9S, EV 92.5 MPH)
Batting: RHB Guy Toussaint 0-0: Foul Ball, location: 2F
0-1: Foul Ball, location: 2F
0-2: Foul Ball, location: 2F
0-2: Grounds out, U3 (Groundball, 3L, EV 80.6 MPH)
Batting: LHB Travis Towns 0-0: Swinging Strike
0-1: SINGLE (Groundball, 4M, EV 96.2 MPH)
Noah Bushby to third
Runner from 3rd tries for Home, SAFE, no throw by CF
Batting: RHB Lawrence Stokes 0-0: Ball
1-0: Ball
Travis Towns steals 2nd base
2-0: Ground out 1-3 (Groundball, 34S, EV 71.2 MPH)
Bottom of the 4th over - 1 run, 2 hits, 0 errors, 1 left on base; Las Vegas 1 - New Orleans 3
TOP OF THE 5TH
Las Vegas Flamingos batting - Pitching for New Orleans Voodoo : RHP Gilberto Medina
Batting: RHB Sun-jae Kwak 0-0: Swinging Strike
0-1: Fly out, F3 (Popup, 3SF, EV 79.4 MPH)
Batting: SHB Glyn Bolasky 0-0: Ball
1-0: SINGLE (Groundball, 34, EV 106.2 MPH) (infield hit)
Batting: RHB Sake van Arem 0-0: Foul Ball, location: 2F
0-1: Ball
1-1: Ball
2-1: Called Strike
2-2: Foul Ball, location: 2F
2-2: Grounds into double play, 6-4-3 (Groundball, 6, EV 90.0 MPH)
Top of the 5th over - 0 runs, 1 hit, 0 errors, 0 left on base; Las Vegas 1 - New Orleans 3
BOTTOM OF THE 5TH
New Orleans Voodoo batting - Pitching for Las Vegas Flamingos : RHP Nam-shik Kwak
Batting: LHB Calvin Wilms 0-0: Called Strike
0-1: Ball
1-1: Fly out, F9 (Line Drive, 9, EV 93.1 MPH)
Batting: RHB Gilberto Juárez 0-0: Called Strike
0-1: Fly out, F9 (Flyball, 9D, EV 96.2 MPH)
Batting: RHB Colm Goodwill 0-0: Ball
1-0: Ball
2-0: Ball
3-0: Called Strike
3-1: SINGLE (Groundball, 6MD, EV 97.5 MPH)
Batting: RHB Griffin Woodfinlevine 0-0: Ball
Colm Goodwill steals 2nd base
1-0: Fly out, F8 (Flyball, 78D, EV 99.4 MPH)
Bottom of the 5th over - 0 runs, 1 hit, 0 errors, 1 left on base; Las Vegas 1 - New Orleans 3
TOP OF THE 6TH
Las Vegas Flamingos batting - Pitching for New Orleans Voodoo : RHP Gilberto Medina
Batting: RHB Baldomero Avino 0-0: Ball
1-0: Foul Ball, location: 2F
1-1: Foul Ball, location: 2F
1-2: DOUBLE (Groundball, 5L, EV 102.5 MPH)
Batting: RHB Xavier Hernández 0-0: Ball
1-0: Ball
2-0: Ball
3-0: Base on Balls
Batting: LHB Victor Adams 0-0: Ball
1-0: Called Strike
1-1: Ball
2-1: Ball
3-1: Base on Balls
Baldomero Avino to third
Xavier Hernández to second
Pitching: RHP Jorge Villanueva
Batting: RHB Joseph Papasogli 0-0: Called Strike
0-1: Called Strike
0-2: SINGLE (Groundball, 56D, EV 103.1 MPH)
Baldomero Avino scores
Xavier Hernández to third
Victor Adams to second
Batting: LHB Xu Cheng 0-0: Ball
1-0: SINGLE (Groundball, 3D, EV 101.9 MPH)
Xavier Hernández scores
Victor Adams to third
Joseph Papasogli to second
Batting: RHB Freedon Akinmoladun 0-0: Called Strike
0-1: Swinging Strike
0-2: Strikes out swinging
Batting: RHB Sun-jae Kwak 0-0: Called Strike
0-1: Swinging Strike
0-2: Ball
1-2: Strikes out swinging
Batting: SHB Glyn Bolasky 0-0: Called Strike
0-1: Called Strike
0-2: Ball
1-2: Strikes out looking
Top of the 6th over - 2 runs, 3 hits, 0 errors, 3 left on base; Las Vegas 3 - New Orleans 3
BOTTOM OF THE 6TH
New Orleans Voodoo batting - Pitching for Las Vegas Flamingos : RHP Nam-shik Kwak
Batting: LHB Alexis Raimbault 0-0: Called Strike
0-1: Foul Ball, location: 2F
0-2: Ball
1-2: Strikes out swinging
Batting: RHB Noah Bushby 0-0: Ball
1-0: Ball
2-0: Foul Ball, location: 2F
2-1: Fly out, F8 (Flyball, 8RM, EV 85.6 MPH)
Batting: RHB Guy Toussaint 0-0: Ball
1-0: Fly out, F9 (Line Drive, 9, EV 96.2 MPH)
Bottom of the 6th over - 0 runs, 0 hits, 0 errors, 0 left on base; Las Vegas 3 - New Orleans 3
TOP OF THE 7TH
Las Vegas Flamingos batting - Pitching for New Orleans Voodoo : RHP Jorge Villanueva
Batting: RHB Sake van Arem 0-0: Ball
1-0: Called Strike
1-1: Swinging Strike
1-2: Ground out 6-3 (Groundball, 6, EV 82.5 MPH)
Batting: RHB Baldomero Avino 0-0: Ball
1-0: Foul Ball, location: 2F
1-1: Called Strike
1-2: Ball
2-2: Ball
3-2: Fly out, F9 (Flyball, 89D, EV 102.5 MPH)
Batting: RHB Xavier Hernández 0-0: Called Strike
0-1: Foul Ball, location: 2F
0-2: SINGLE (Line Drive, 6D, EV 96.2 MPH)
Batting: LHB Victor Adams 0-0: Ball
1-0: Called Strike
1-1: Ground out 4-3 (Groundball, 4, EV 79.4 MPH)
Top of the 7th over - 0 runs, 1 hit, 0 errors, 1 left on base; Las Vegas 3 - New Orleans 3
BOTTOM OF THE 7TH
New Orleans Voodoo batting - Pitching for Las Vegas Flamingos : RHP Nam-shik Kwak
Batting: LHB Travis Towns 0-0: Ball
1-0: SINGLE (Groundball, 4MD, EV 109.4 MPH)
Batting: RHB Lawrence Stokes 0-0: Bunt - Flyout to P! F1
Batting: LHB Calvin Wilms 0-0: Called Strike
0-1: Ball
1-1: Called Strike
Travis Towns steals 2nd base
1-2: Foul Ball, location: 2F
1-2: SINGLE (Groundball, 34D, EV 98.8 MPH)
Travis Towns to third
Runner from 3rd tries for Home, SAFE, throw by RF to home
Batting: RHB Gilberto Juárez 0-0: Fly out, F3 (Popup, 3F, EV 67.5 MPH)
Batting: RHB Colm Goodwill 0-0: Fly out, F7 (Line Drive, 7, EV 90.0 MPH)
Bottom of the 7th over - 1 run, 2 hits, 0 errors, 1 left on base; Las Vegas 3 - New Orleans 4
TOP OF THE 8TH
Las Vegas Flamingos batting - Pitching for New Orleans Voodoo : RHP Jorge Villanueva
Batting: RHB Joseph Papasogli 0-0: Fly out, F6 (Popup, 6MD, EV 56.9 MPH)
Batting: LHB Xu Cheng 0-0: Ball
1-0: Called Strike
1-1: Foul Ball, location: 2F
1-2: SINGLE (Flyball, 9LM, EV 108.1 MPH)
Batting: RHB Freedon Akinmoladun 0-0: Foul Ball, location: 2F
0-1: Foul Ball, location: 2F
0-2: SINGLE (Line Drive, 9LD, EV 105.6 MPH)
Xu Cheng to second
Batting: RHB Sun-jae Kwak 0-0: Foul Ball, location: 2F
0-1: Swinging Strike
0-2: Foul Ball, location: 2F
0-2: Ball
1-2: Strikes out looking
Pitching: RHP Ted Chong
Batting: SHB Glyn Bolasky 0-0: Called Strike
0-1: Ball
1-1: Foul Ball, location: 2F
1-2: Foul Ball, location: 2F
1-2: Strikes out looking
Top of the 8th over - 0 runs, 2 hits, 0 errors, 2 left on base; Las Vegas 3 - New Orleans 4
BOTTOM OF THE 8TH
New Orleans Voodoo batting - Pitching for Las Vegas Flamingos : RHP Nam-shik Kwak
Batting: RHB Griffin Woodfinlevine 0-0: Ground out U3 (Groundball, 34, EV 88.1 MPH)
Batting: LHB Alexis Raimbault 0-0: Foul Ball, location: 2F
0-1: Swinging Strike
0-2: Ball
1-2: Foul Ball, location: 2F
1-2: Strikes out swinging
Batting: RHB Noah Bushby 0-0: Ball
1-0: Swinging Strike
1-1: Ball
2-1: Ground out 6-3 (Groundball, 6, EV 97.5 MPH)
Bottom of the 8th over - 0 runs, 0 hits, 0 errors, 0 left on base; Las Vegas 3 - New Orleans 4
TOP OF THE 9TH
Las Vegas Flamingos batting - Pitching for New Orleans Voodoo : RHP Ted Chong
Pitching: RHP Matt Martin
Now in CF: Eikki Kankaanperä
Batting: RHB Sake van Arem 0-0: Ground out 6-3 (Groundball, 56, EV 102.5 MPH)
Batting: RHB Baldomero Avino 0-0: Ball
1-0: Foul Ball, location: 2F
1-1: Ball
2-1: Ball
3-1: Swinging Strike
3-2: SINGLE (Line Drive, 78S, EV 88.8 MPH)
Batting: RHB Xavier Hernández 0-0: Called Strike
0-1: Ball
1-1: Ground out 6-3 (Groundball, 56S, EV 60.6 MPH)
Baldomero Avino to second
Batting: LHB Victor Adams 0-0: SINGLE (Line Drive, 8LS, EV 98.1 MPH)
Baldomero Avino to third
Runner from 3rd tries for Home, SAFE, throw by CF to home
Batting: RHB Joseph Papasogli 0-0: Ball
1-0: Called Strike
1-1: DOUBLE (Flyball, 8RD, EV 93.8 MPH)
Victor Adams to third
Batting: LHB Xu Cheng 0-0: Ball
1-0: Fly out, F8 (Flyball, 8RS, EV 86.2 MPH)
Top of the 9th over - 1 run, 3 hits, 0 errors, 2 left on base; Las Vegas 4 - New Orleans 4
BOTTOM OF THE 9TH
New Orleans Voodoo batting - Pitching for Las Vegas Flamingos : RHP Nam-shik Kwak
Pitching: RHP Vaugh Chesser
Pinch Hitting: SHB Lupo Cotto 0-0: Ball
1-0: Called Strike
1-1: Fly out, F8 (Flyball, 8LS, EV 81.9 MPH)
Batting: LHB Travis Towns 0-0: Called Strike
0-1: Ball
1-1: Fly out, F9 (Flyball, 9S, EV 90.0 MPH)
Batting: RHB Lawrence Stokes 0-0: Called Strike
0-1: Foul Ball, location: 2F
0-2: Ground out 1-3 (Groundball, 15S, EV 77.5 MPH)
Bottom of the 9th over - 0 runs, 0 hits, 0 errors, 0 left on base; Las Vegas 4 - New Orleans 4
TOP OF THE 10TH
Las Vegas Flamingos batting - Pitching for New Orleans Voodoo : RHP Matt Martin
Now at 2B: Melito Báez
Batting: RHB Freedon Akinmoladun 0-0: Ball
1-0: Fly out, F8 (Flyball, 8RD, EV 91.2 MPH)
Batting: RHB Sun-jae Kwak 0-0: Called Strike
0-1: Ball
1-1: Foul Ball, location: 2F
1-2: Strikes out swinging
Batting: SHB Glyn Bolasky 0-0: Ball
1-0: Ball
2-0: Ball
3-0: Base on Balls
Batting: RHB Sake van Arem 0-0: Ball
Glyn Bolasky steals 2nd base
1-0: Foul Ball, location: 2F
1-1: SINGLE (Groundball, 6MD, EV 98.1 MPH)
Glyn Bolasky to third
Runner from 3rd tries for Home, SAFE, throw by CF to home
Batting: RHB Baldomero Avino 0-0: Ball
Sake van Arem steals 2nd base
1-0: Called Strike
1-1: Ball
Wild Pitch!
Sake van Arem to third
2-1: Ball
3-1: Fly out, F8 (Flyball, 8LM, EV 98.1 MPH)
Top of the 10th over - 1 run, 1 hit, 0 errors, 1 left on base; Las Vegas 5 - New Orleans 4
BOTTOM OF THE 10TH
New Orleans Voodoo batting - Pitching for Las Vegas Flamingos : RHP Vaugh Chesser
Now at 2B: Shihei Kichikawa
Now in LF: Ty Tomblin
Batting: LHB Calvin Wilms 0-0: Called Strike
0-1: Ball
1-1: SOLO HOME RUN (Flyball, 9LD, EV 100.0 MPH), Distance : 352 ft
Batting: RHB Gilberto Juárez 0-0: Foul Ball, location: 2F
0-1: DOUBLE (Line Drive, 9LS, EV 90.0 MPH)
Batting: RHB Colm Goodwill 0-0: Intentional Walk
Batting: RHB Eikki Kankaanperä 0-0: Grounds into double play, 6-4-3 (Groundball, 6, EV 86.9 MPH)
Gilberto Juárez to third
Batting: LHB Alexis Raimbault 0-0: Ground out 4-3 (Groundball, 4, EV 91.9 MPH)
Bottom of the 10th over - 1 run, 2 hits, 0 errors, 1 left on base; Las Vegas 5 - New Orleans 5
TOP OF THE 11TH
Las Vegas Flamingos batting - Pitching for New Orleans Voodoo : RHP Matt Martin
Batting: LHB Ty Tomblin 0-0: Ball
1-0: Ball
2-0: Ball
3-0: Base on Balls
Batting: LHB Victor Adams 0-0: Ball
1-0: Foul Ball, location: 2F
1-1: Grounds into double play, 3-6-1 (Groundball, 3, EV 98.8 MPH)
Batting: RHB Shihei Kichikawa 0-0: Ball
1-0: Ball
2-0: Ground out 4-3 (Groundball, 4S, EV 86.2 MPH)
Top of the 11th over - 0 runs, 0 hits, 0 errors, 0 left on base; Las Vegas 5 - New Orleans 5
BOTTOM OF THE 11TH
New Orleans Voodoo batting - Pitching for Las Vegas Flamingos : RHP Vaugh Chesser
Pitching: LHP Isaaka Ienimea
Batting: RHB Noah Bushby 0-0: Ball
1-0: Called Strike
1-1: Ground out 5-3 (Groundball, 56S, EV 85.0 MPH)
Batting: SHB Melito Báez 0-0: Fly out, F9 (Flyball, 9LD, EV 96.9 MPH)
Batting: LHB Travis Towns 0-0: Foul Ball, location: 2F
0-1: Foul Ball, location: 2F
0-2: Foul Ball, location: 2F
0-2: Ball
1-2: Strikes out swinging
Bottom of the 11th over - 0 runs, 0 hits, 0 errors, 0 left on base; Las Vegas 5 - New Orleans 5
TOP OF THE 12TH
Las Vegas Flamingos batting - Pitching for New Orleans Voodoo : RHP Matt Martin
Batting: LHB Xu Cheng 0-0: Called Strike
0-1: Ball
1-1: Swinging Strike
1-2: Ball
2-2: SINGLE (Line Drive, 34, EV 96.9 MPH)
Pitching: LHP Daniel Edwards
Batting: RHB Freedon Akinmoladun 0-0: Ball
1-0: Called Strike
1-1: Fly out, F7 (Flyball, 7S, EV 87.5 MPH)
Batting: RHB Sun-jae Kwak 0-0: Ball
1-0: Swinging Strike
1-1: Ball
2-1: Swinging Strike
2-2: Foul Ball, location: 2F
2-2: Foul Ball, location: 2F
2-2: Strikes out swinging
Batting: SHB Glyn Bolasky 0-0: Called Strike
0-1: Foul Ball, location: 2F
0-2: Ball
1-2: Ball
2-2: Ball
3-2: DOUBLE (Line Drive, 89M, EV 91.9 MPH)
Xu Cheng to third
Xu Cheng scores
Batting: RHB Sake van Arem 0-0: SINGLE (Line Drive, 4D, EV 94.4 MPH)
Glyn Bolasky to third
Runner from 3rd tries for Home, SAFE, no throw by CF
Batting: RHB Baldomero Avino 0-0: Ball
1-0: Ball
2-0: Called Strike
2-1: Foul Ball, location: 2F
2-2: Foul Ball, location: 2F
2-2: Foul Ball, location: 2F
2-2: DOUBLE (Line Drive, 78D, EV 107.5 MPH)
Sake van Arem to third
Runner from 3rd tries for Home, SAFE, throw by CF to trailing runner, SAFE at third!
Batting: LHB Ty Tomblin 0-0: Fly out, F8 (Flyball, 89S, EV 91.2 MPH)
Top of the 12th over - 3 runs, 4 hits, 0 errors, 1 left on base; Las Vegas 8 - New Orleans 5
BOTTOM OF THE 12TH
New Orleans Voodoo batting - Pitching for Las Vegas Flamingos : LHP Isaaka Ienimea
Batting: RHB Lawrence Stokes 0-0: Ball
1-0: Ground out U3 (Groundball, 34, EV 78.8 MPH)
Batting: LHB Calvin Wilms 0-0: Ball
1-0: Ball
2-0: Foul Ball, location: 2F
2-1: Called Strike
2-2: Ball
3-2: Foul Ball, location: 2F
3-2: Base on Balls
Batting: RHB Gilberto Juárez 0-0: Called Strike
0-1: Ball
1-1: Called Strike
1-2: Fielders Choice at 2nd, 6-4 (Groundball, 6S, EV 83.8 MPH)
Batting: RHB Colm Goodwill 0-0: Ball
1-0: Called Strike
1-1: Ball
2-1: Ball
3-1: Foul Ball, location: 2F
3-2: Foul Ball, location: 2F
3-2: Fly out, F3 (Popup, 34S, EV 81.9 MPH)
Bottom of the 12th over - 0 runs, 0 hits, 0 errors, 1 left on base; Las Vegas 8 - New Orleans 5
Thursday, January 23rd, 2020 - OOTP Baseball 20.8 Build 74